[ PARTIDA AOE2 · #473067369 ]
UnrankedKitán vs Franks
[ ANÁLISIS DE REPETICIÓN · EXTRAÍDO DE LA PARTIDA GRABADA ]
Feudal
12:24
Castillos
16:28
Imperial
35:57
| APM promedio | 18.9 |
| APM pico | 46 |
| eAPM promedio | 14.4 |
| Aldeanos / militares | 122 / 340 |
Foco
⚔️ 45.7% · 🌾 54.3%
Camel Scout ×165 · Scout Cavalry ×115 · Skirmisher ×54 · Trebuchet (Packed) ×6
Feudal
12:08
Castillos
17:43
Imperial
36:08
| APM promedio | 31.7 |
| APM pico | 85 |
| eAPM promedio | 14.0 |
| Aldeanos / militares | 162 / 189 |
Foco
⚔️ 37.1% · 🌾 62.9%
Throwing Axeman ×132 · Spearman ×50 · Knight ×3 · Trebuchet (Packed) ×3 · Monk ×1
Feudal
12:31
Castillos
15:11
Imperial
32:25
| APM promedio | 21.3 |
| APM pico | 41 |
| eAPM promedio | 11.6 |
| Aldeanos / militares | 167 / 173 |
Foco
⚔️ 27.5% · 🌾 72.5%
Scout Cavalry ×111 · Ballista Elephant ×57 · Trebuchet (Packed) ×5
Feudal
12:26
Castillos
19:44
Imperial
45:35
| APM promedio | 28.1 |
| APM pico | 79 |
| eAPM promedio | 19.1 |
| Aldeanos / militares | 100 / 274 |
Foco
⚔️ 48.1% · 🌾 51.9%
Spearman ×169 · Samurai ×64 · Battering Ram ×22 · Skirmisher ×19
Feudal
10:53
Castillos
24:37
Imperial
38:19
| APM promedio | 28.7 |
| APM pico | 65 |
| eAPM promedio | 18.7 |
| Aldeanos / militares | 126 / 149 |
Foco
⚔️ 30.1% · 🌾 69.9%
Militia ×73 · Knight ×29 · Scout Cavalry ×28 · Scorpion ×10 · Spearman ×4 · Battering Ram ×3
Feudal
10:34
Castillos
16:01
Imperial
33:00
| APM promedio | 46.8 |
| APM pico | 86 |
| eAPM promedio | 21.1 |
| Aldeanos / militares | 121 / 253 |
Foco
⚔️ 24.5% · 🌾 75.5%
Cavalry Archer ×197 · Scout Cavalry ×48 · Trebuchet (Packed) ×6 · Knight ×2
Feudal
10:55
Castillos
22:25
Imperial
—
| APM promedio | 20.6 |
| APM pico | 56 |
| eAPM promedio | 13.1 |
| Aldeanos / militares | 128 / 41 |
Foco
⚔️ 28.3% · 🌾 71.7%
Archer ×35 · Skirmisher ×6
Feudal
10:33
Castillos
—
Imperial
—
| APM promedio | 14.8 |
| APM pico | 71 |
| eAPM promedio | 7.2 |
| Aldeanos / militares | 36 / 1 |
Foco
⚔️ 58.1% · 🌾 41.9%
Spearman ×1
Mapa de la partida
Recursos iniciales + cada clic de construcción. Líneas = muros · curvas = relieve. ◆ oro · ⬟ piedra · ● bayas · ✦ reliquia · ◌ hueco del cierre
Tu base· ✓ Cerrada en 16:28 · 0t muro · 1 puerta(s)
Base de 大运昌龙· ✓ Cerrada en 17:43 · 21t muro · 5 puerta(s)
Base de Barka· ✓ Cerrada en 15:11 · 0t muro · 1 puerta(s)
Base de el mangonel· ✓ Cerrada en 19:44 · 18t muro · 1 puerta(s)
Base de Trupex· ✓ Cerrada en 24:37 · 0t muro · 1 puerta(s)
Base de 连输九天· ✓ Cerrada en 16:01 · 7t muro · 1 puerta(s)
Base de Dead King Always King· ✓ Cerrada en 22:25 · 27t muro · 2 puerta(s)
Base de ybsngs· ✓ Cerrada en 12:32 · 1t muro · 1 puerta(s)
Terreno inicial suavizado · ◌ = hueco del cierre detectado · pasá el cursor para detalles
Inputs por minuto
— dontstay02 - - 大运昌龙
Build order — dontstay02
Primeras 150 de 302 acciones detectadas
| 0:02 | Crear | Villager (Male) ×4 |
| 0:04 | Construir | House |
| 0:06 | Construir | House |
| 1:42 | Crear | Villager (Male) |
| 2:08 | Crear | Villager (Male) |
| 2:22 | Crear | Villager (Male) |
| 2:38 | Construir | Lumber Camp |
| 2:59 | Crear | Villager (Male) |
| 3:26 | Crear | Villager (Male) |
| 3:33 | Construir | House |
| 3:36 | Construir | House |
| 3:45 | Crear | Villager (Male) |
| 4:06 | Crear | Villager (Male) |
| 4:06 | Crear | Villager (Male) |
| 4:35 | Crear | Villager (Male) |
| 4:53 | Construir | House |
| 4:59 | Crear | Villager (Male) |
| 5:15 | Crear | Villager (Male) |
| 5:15 | Crear | Villager (Male) |
| 5:47 | Crear | Villager (Male) |
| 5:59 | Construir | Mill |
| 6:19 | Crear | Villager (Male) |
| 6:38 | Crear | Villager (Male) |
| 7:17 | Crear | Villager (Male) |
| 7:37 | Crear | Villager (Male) |
| 8:02 | Crear | Villager (Male) |
| 8:16 | Construir | Mining Camp |
| 8:17 | Crear | Villager (Male) |
| 8:47 | Crear | Villager (Male) |
| 9:24 | Crear | Villager (Male) |
| 9:24 | Crear | Villager (Male) |
| 9:36 | Construir | Barracks |
| 9:41 | Construir | House |
| 9:52 | Investigar | Feudal Age |
| 11:41 | Construir | Pasture |
| 11:43 | Construir | Pasture |
| 12:09 | Investigar | Loom |
| 12:24 | Edad | Edad Feudal |
| 12:31 | Crear | Villager (Male) |
| 12:35 | Investigar | Tech 1014 |
| 12:39 | Construir | Stable |
| 12:44 | Construir | Blacksmith |
| 12:53 | Construir | Pasture |
| 12:56 | Construir | Pasture |
| 12:58 | Investigar | Double-Bit Axe |
| 13:48 | Investigar | Castle Age |
| 14:02 | Construir | Pasture |
| 14:37 | Construir | House |
| 14:45 | Construir | House |
| 14:49 | Construir | Palisade Gate |
| 14:53 | Construir | House |
| 14:56 | Construir | House |
| 14:57 | Construir | House |
| 15:25 | Construir | Pasture |
| 16:28 | Edad | Edad de los Castillos |
| 16:35 | Construir | Town Center |
| 16:37 | Crear | Villager (Male) |
| 16:37 | Crear | Villager (Male) |
| 16:38 | Crear | Villager (Male) |
| 16:38 | Crear | Villager (Male) |
| 16:42 | Crear | Camel Scout |
| 16:42 | Crear | Camel Scout |
| 16:51 | Investigar | Forging |
| 17:24 | Crear | Camel Scout |
| 17:27 | Investigar | Scale Barding Armor |
| 17:36 | Investigar | Bow Saw |
| 18:13 | Construir | House |
| 18:14 | Construir | House |
| 18:15 | Crear | Villager (Male) |
| 18:16 | Crear | Villager (Male) |
| 18:17 | Crear | Villager (Male) |
| 18:17 | Crear | Villager (Male) |
| 18:35 | Construir | Town Center |
| 18:48 | Crear | Villager (Male) ×5 |
| 20:13 | Crear | Villager (Male) ×5 |
| 20:24 | Construir | Town Center |
| 20:33 | Crear | Villager (Male) ×5 |
| 20:47 | Construir | Pasture |
| 20:48 | Construir | Pasture |
| 20:52 | Construir | Pasture |
| 21:12 | Investigar | Gold Mining |
| 21:26 | Construir | Lumber Camp |
| 21:30 | Crear | Villager (Male) ×4 |
| 21:40 | Crear | Villager (Male) |
| 22:23 | Crear | Camel Scout ×3 |
| 22:32 | Construir | Pasture |
| 22:34 | Construir | Pasture |
| 22:36 | Construir | Pasture |
| 22:39 | Construir | Pasture |
| 22:41 | Crear | Villager (Male) ×2 |
| 22:42 | Crear | Villager (Male) |
| 22:42 | Crear | Villager (Male) |
| 22:49 | Crear | Villager (Male) |
| 22:51 | Crear | Villager (Male) |
| 22:56 | Construir | Pasture |
| 23:16 | Crear | Villager (Male) ×3 |
| 23:31 | Crear | Villager (Male) ×2 |
| 24:02 | Crear | Villager (Male) ×4 |
| 24:30 | Crear | Camel Scout |
| 24:30 | Crear | Camel Scout |
| 24:31 | Crear | Camel Scout |
| 24:34 | Construir | Stable |
| 24:35 | Construir | Stable |
| 24:36 | Construir | Stable |
| 24:42 | Construir | Pasture |
| 25:37 | Crear | Villager (Male) ×5 |
| 25:38 | Crear | Villager (Male) ×5 |
| 25:42 | Construir | Pasture |
| 25:52 | Crear | Camel Scout ×5 |
| 25:59 | Crear | Camel Scout |
| 26:01 | Crear | Camel Scout |
| 26:19 | Crear | Villager (Male) ×3 |
| 26:30 | Construir | House |
| 26:31 | Construir | House |
| 26:31 | Construir | House |
| 26:32 | Construir | House |
| 26:32 | Construir | House |
| 26:33 | Construir | House |
| 26:36 | Construir | House |
| 26:37 | Construir | House |
| 26:38 | Construir | Mining Camp |
| 26:40 | Crear | Camel Scout ×4 |
| 26:46 | Investigar | Iron Casting |
| 27:45 | Crear | Villager (Male) ×5 |
| 27:51 | Construir | Pasture |
| 27:52 | Construir | Pasture |
| 27:53 | Construir | Pasture |
| 27:55 | Construir | Pasture |
| 27:56 | Construir | Pasture |
| 27:57 | Crear | Camel Scout ×5 |
| 28:10 | Crear | Camel Scout ×5 |
| 28:20 | Construir | Pasture |
| 28:32 | Construir | Mining Camp |
| 28:47 | Construir | Castle |
| 28:50 | Crear | Camel Scout ×5 |
| 29:07 | Investigar | Chain Barding Armor |
| 29:09 | Crear | Villager (Male) ×3 |
| 29:39 | Crear | Villager (Male) ×5 |
| 29:46 | Investigar | Stone Mining |
| 29:48 | Crear | Villager (Male) |
| 29:48 | Crear | Villager (Male) |
| 29:48 | Crear | Villager (Male) |
| 30:00 | Crear | Camel Scout ×4 |
| 30:19 | Crear | Camel Scout |
| 30:40 | Crear | Camel Scout ×3 |
| 30:44 | Crear | Villager (Male) ×5 |
| 30:50 | Construir | Pasture |
| 30:51 | Construir | Pasture |
| 30:52 | Construir | Pasture |
| 30:53 | Construir | Pasture |
Build order — 大运昌龙
Primeras 150 de 467 acciones detectadas
| 0:03 | Construir | House |
| 0:07 | Construir | House |
| 0:07 | Crear | Villager (Male) |
| 0:08 | Crear | Villager (Male) |
| 0:08 | Crear | Villager (Male) |
| 0:08 | Crear | Villager (Male) |
| 1:53 | Crear | Villager (Male) |
| 2:09 | Crear | Villager (Male) |
| 2:09 | Crear | Villager (Male) |
| 2:13 | Construir | Lumber Camp |
| 2:28 | Crear | Villager (Male) |
| 2:28 | Crear | Villager (Male) |
| 3:00 | Crear | Villager (Male) |
| 3:01 | Crear | Villager (Male) |
| 3:10 | Crear | Villager (Male) |
| 3:10 | Crear | Villager (Male) |
| 3:38 | Construir | House |
| 3:40 | Construir | House |
| 3:45 | Crear | Villager (Male) |
| 3:45 | Crear | Villager (Male) |
| 4:28 | Investigar | Loom |
| 4:58 | Crear | Villager (Male) |
| 4:58 | Crear | Villager (Male) |
| 4:58 | Crear | Villager (Male) |
| 4:58 | Crear | Villager (Male) |
| 5:04 | Construir | Mill |
| 5:14 | Construir | Palisade Wall |
| 5:18 | Construir | Palisade Gate |
| 5:24 | Crear | Villager (Male) |
| 5:24 | Crear | Villager (Male) |
| 6:06 | Crear | Villager (Male) |
| 6:07 | Crear | Villager (Male) |
| 6:07 | Crear | Villager (Male) |
| 6:46 | Crear | Villager (Male) |
| 7:21 | Crear | Villager (Male) |
| 7:25 | Construir | Lumber Camp |
| 7:29 | Crear | Villager (Male) |
| 7:30 | Crear | Villager (Male) |
| 7:56 | Construir | House |
| 7:58 | Construir | House |
| 8:03 | Construir | Palisade Gate |
| 8:07 | Crear | Villager (Male) |
| 8:07 | Crear | Villager (Male) |
| 8:08 | Crear | Villager (Male) |
| 9:37 | Construir | Mining Camp |
| 9:42 | Investigar | Feudal Age |
| 10:00 | Construir | Barracks |
| 10:36 | Construir | Mill |
| 11:27 | Construir | House |
| 11:44 | Crear | Villager (Male) |
| 11:45 | Crear | Villager (Male) |
| 11:45 | Crear | Villager (Male) |
| 12:08 | Edad | Edad Feudal |
| 12:28 | Construir | Blacksmith |
| 12:39 | Construir | Market |
| 12:55 | Crear | Spearman |
| 13:01 | Construir | Mining Camp |
| 13:04 | Construir | Farm |
| 13:06 | Construir | Farm |
| 13:12 | Crear | Villager (Male) |
| 13:50 | Construir | Palisade Wall |
| 13:53 | Construir | Palisade Gate |
| 13:59 | Crear | Villager (Male) |
| 14:10 | Construir | Farm |
| 15:03 | Investigar | Castle Age |
| 15:10 | Construir | Mill |
| 15:27 | Construir | Stable |
| 15:56 | Investigar | Double-Bit Axe |
| 16:01 | Investigar | Gold Mining |
| 17:02 | Construir | Gate |
| 17:22 | Construir | Gate |
| 17:43 | Edad | Edad de los Castillos |
| 17:47 | Crear | Knight |
| 17:47 | Crear | Knight |
| 17:48 | Crear | Knight |
| 17:56 | Investigar | Forging |
| 17:58 | Crear | Villager (Male) |
| 17:58 | Crear | Villager (Male) |
| 17:58 | Crear | Villager (Male) |
| 18:14 | Construir | Castle |
| 18:30 | Crear | Villager (Male) |
| 18:53 | Crear | Spearman |
| 18:55 | Crear | Spearman |
| 19:02 | Construir | House |
| 19:28 | Construir | Gate |
| 19:39 | Crear | Throwing Axeman |
| 19:39 | Crear | Throwing Axeman |
| 19:40 | Crear | Throwing Axeman |
| 19:40 | Crear | Throwing Axeman |
| 19:54 | Crear | Villager (Male) |
| 19:54 | Crear | Villager (Male) |
| 20:30 | Crear | Throwing Axeman |
| 20:30 | Crear | Throwing Axeman |
| 20:37 | Construir | Farm |
| 20:38 | Construir | Farm |
| 20:46 | Construir | Town Center |
| 21:12 | Construir | House |
| 21:13 | Construir | House |
| 21:14 | Construir | House |
| 21:19 | Crear | Throwing Axeman |
| 21:20 | Crear | Throwing Axeman |
| 21:29 | Construir | Farm |
| 21:36 | Construir | Farm |
| 21:37 | Construir | Farm |
| 21:38 | Construir | Farm |
| 21:40 | Construir | Farm |
| 21:41 | Construir | Farm |
| 21:51 | Crear | Villager (Male) |
| 22:43 | Crear | Villager (Male) |
| 22:44 | Crear | Villager (Male) |
| 22:44 | Crear | Villager (Male) |
| 22:44 | Crear | Villager (Male) |
| 23:01 | Construir | Town Center |
| 23:10 | Crear | Villager (Male) |
| 23:10 | Crear | Villager (Male) |
| 23:11 | Crear | Villager (Male) |
| 23:15 | Construir | Farm |
| 23:27 | Crear | Throwing Axeman |
| 23:27 | Crear | Throwing Axeman |
| 23:32 | Crear | Throwing Axeman |
| 23:44 | Crear | Villager (Male) |
| 23:44 | Crear | Villager (Male) |
| 24:05 | Crear | Villager (Male) |
| 24:06 | Crear | Villager (Male) |
| 24:06 | Crear | Villager (Male) |
| 24:11 | Construir | Farm |
| 24:13 | Construir | Farm |
| 24:28 | Crear | Villager (Male) |
| 24:29 | Crear | Villager (Male) |
| 24:29 | Crear | Villager (Male) |
| 24:51 | Crear | Villager (Male) |
| 24:52 | Crear | Villager (Male) |
| 24:52 | Crear | Villager (Male) |
| 25:17 | Crear | Villager (Male) |
| 25:17 | Crear | Villager (Male) |
| 25:24 | Construir | Farm |
| 25:25 | Construir | Farm |
| 25:30 | Construir | Farm |
| 25:32 | Crear | Villager (Male) |
| 25:33 | Crear | Villager (Male) |
| 26:09 | Crear | Throwing Axeman |
| 26:09 | Crear | Throwing Axeman |
| 26:10 | Crear | Throwing Axeman |
| 26:10 | Crear | Throwing Axeman |
| 26:12 | Crear | Villager (Male) |
| 26:23 | Construir | Town Center |
| 26:30 | Crear | Villager (Male) |
| 26:30 | Crear | Villager (Male) |
| 26:30 | Crear | Villager (Male) |
| 27:11 | Investigar | Iron Casting |
Build order — Barka
Primeras 150 de 316 acciones detectadas
| 0:01 | Crear | Villager (Male) |
| 0:02 | Investigar | Loom |
| 0:02 | Crear | Villager (Male) |
| 0:03 | Crear | Villager (Male) |
| 0:03 | Crear | Villager (Male) |
| 0:09 | Construir | House |
| 0:59 | Construir | House |
| 1:00 | Construir | House |
| 1:01 | Construir | House |
| 1:38 | Crear | Villager (Male) |
| 2:09 | Construir | House |
| 2:20 | Crear | Villager (Male) |
| 2:41 | Construir | House |
| 3:12 | Crear | Villager (Male) |
| 3:12 | Crear | Villager (Male) |
| 3:40 | Crear | Villager (Male) |
| 3:40 | Crear | Villager (Male) |
| 4:12 | Crear | Villager (Male) |
| 4:12 | Crear | Villager (Male) |
| 4:28 | Crear | Villager (Male) |
| 4:28 | Crear | Villager (Male) |
| 4:59 | Crear | Villager (Male) |
| 5:38 | Construir | Lumber Camp |
| 5:58 | Crear | Villager (Male) |
| 6:23 | Crear | Villager (Male) |
| 6:59 | Crear | Villager (Male) |
| 6:59 | Crear | Villager (Male) |
| 7:00 | Crear | Villager (Male) |
| 7:00 | Crear | Villager (Male) |
| 7:00 | Crear | Villager (Male) |
| 8:02 | Crear | Villager (Male) |
| 8:03 | Crear | Villager (Male) |
| 8:46 | Construir | Mining Camp |
| 9:00 | Construir | Mill |
| 9:25 | Crear | Villager (Male) |
| 10:17 | Construir | Farm |
| 10:18 | Construir | Farm |
| 10:21 | Investigar | Feudal Age |
| 10:31 | Construir | Farm |
| 10:57 | Construir | Farm |
| 11:04 | Construir | Farm |
| 12:05 | Construir | Farm |
| 12:31 | Edad | Edad Feudal |
| 12:31 | Investigar | Castle Age |
| 12:39 | Construir | Gate |
| 12:51 | Investigar | Double-Bit Axe |
| 13:10 | Investigar | Horse Collar |
| 14:18 | Investigar | Wheelbarrow |
| 15:11 | Edad | Edad de los Castillos |
| 15:21 | Construir | Town Center |
| 15:30 | Construir | Town Center |
| 15:34 | Investigar | Heavy Plow |
| 15:37 | Crear | Villager (Male) |
| 17:24 | Crear | Villager (Male) ×5 |
| 17:25 | Crear | Villager (Male) ×5 |
| 17:25 | Crear | Villager (Male) |
| 17:58 | Construir | Farm |
| 19:01 | Construir | Farm |
| 19:02 | Construir | Farm |
| 19:12 | Crear | Villager (Male) ×5 |
| 19:13 | Crear | Villager (Male) |
| 20:08 | Construir | House |
| 20:15 | Crear | Villager (Male) ×4 |
| 20:21 | Investigar | Town Watch |
| 20:53 | Construir | Castle |
| 21:01 | Crear | Villager (Male) ×3 |
| 21:12 | Construir | Farm |
| 21:13 | Construir | Farm |
| 21:15 | Construir | Farm |
| 21:16 | Construir | Farm |
| 21:16 | Construir | Farm |
| 21:18 | Construir | Farm |
| 21:19 | Construir | Farm |
| 21:20 | Construir | Farm |
| 21:21 | Construir | Farm |
| 21:46 | Crear | Villager (Male) ×3 |
| 21:56 | Construir | House |
| 21:57 | Construir | House |
| 22:46 | Construir | Castle |
| 22:53 | Construir | House |
| 22:54 | Construir | House |
| 22:57 | Crear | Villager (Male) ×5 |
| 22:58 | Crear | Villager (Male) ×3 |
| 23:17 | Construir | Town Center |
| 23:30 | Construir | Farm |
| 23:31 | Construir | Farm |
| 23:32 | Construir | Farm |
| 23:33 | Construir | Farm |
| 23:42 | Crear | Villager (Male) ×5 |
| 24:28 | Construir | Farm |
| 24:29 | Construir | Farm |
| 24:30 | Construir | Farm |
| 24:31 | Construir | Farm |
| 24:32 | Construir | Farm |
| 24:33 | Construir | Farm |
| 24:34 | Construir | Farm |
| 24:35 | Construir | Farm |
| 24:36 | Construir | Farm |
| 24:38 | Construir | Farm |
| 24:38 | Construir | Farm |
| 24:43 | Crear | Villager (Male) ×5 |
| 24:43 | Crear | Villager (Male) ×4 |
| 25:06 | Crear | Villager (Male) |
| 25:14 | Construir | Farm |
| 25:19 | Construir | Farm |
| 25:24 | Investigar | Hand Cart |
| 25:28 | Crear | Villager (Male) ×3 |
| 25:50 | Crear | Villager (Male) ×4 |
| 26:03 | Construir | Town Center |
| 26:13 | Construir | Farm |
| 26:14 | Construir | Farm |
| 26:15 | Construir | Farm |
| 26:17 | Construir | Farm |
| 26:18 | Construir | Farm |
| 26:19 | Construir | Farm |
| 26:20 | Construir | Farm |
| 26:34 | Crear | Villager (Male) ×5 |
| 26:34 | Crear | Villager (Male) ×5 |
| 26:34 | Crear | Villager (Male) |
| 26:44 | Investigar | Bow Saw |
| 27:27 | Construir | Farm |
| 27:30 | Construir | Farm |
| 27:32 | Construir | Farm |
| 27:33 | Construir | Farm |
| 27:34 | Construir | Farm |
| 27:35 | Construir | Farm |
| 27:39 | Crear | Villager (Male) ×5 |
| 27:39 | Crear | Villager (Male) ×5 |
| 27:40 | Crear | Villager (Male) ×5 |
| 27:46 | Investigar | Stone Mining |
| 27:47 | Investigar | Gold Mining |
| 27:54 | Crear | Villager (Male) |
| 27:55 | Crear | Villager (Male) |
| 27:55 | Crear | Villager (Male) |
| 28:05 | Construir | Farm |
| 28:06 | Construir | Farm |
| 28:07 | Construir | Farm |
| 28:09 | Construir | Farm |
| 28:10 | Construir | Farm |
| 28:11 | Construir | Farm |
| 28:12 | Construir | Farm |
| 28:19 | Construir | House |
| 28:21 | Construir | House |
| 28:22 | Construir | House |
| 28:23 | Construir | House |
| 28:23 | Construir | House |
| 28:34 | Investigar | Gold Shaft Mining |
| 28:43 | Construir | Farm |
| 28:44 | Construir | Farm |
| 28:46 | Construir | Farm |
Build order — el mangonel
Primeras 150 de 396 acciones detectadas
| 0:02 | Crear | Villager (Male) ×4 |
| 0:03 | Construir | House |
| 0:04 | Construir | House |
| 1:45 | Crear | Villager (Male) |
| 1:46 | Crear | Villager (Male) |
| 2:04 | Crear | Villager (Male) |
| 2:04 | Crear | Villager (Male) |
| 2:19 | Crear | Villager (Male) |
| 2:19 | Crear | Villager (Male) |
| 2:47 | Crear | Villager (Male) |
| 2:48 | Crear | Villager (Male) |
| 3:02 | Crear | Villager (Male) |
| 3:30 | Construir | Lumber Camp |
| 3:34 | Investigar | Loom |
| 3:48 | Crear | Villager (Male) |
| 4:01 | Crear | Villager (Male) |
| 4:06 | Construir | House |
| 4:37 | Crear | Villager (Male) |
| 4:52 | Construir | Palisade Wall |
| 4:57 | Construir | Palisade Gate |
| 5:07 | Construir | Mill |
| 5:12 | Crear | Villager (Male) |
| 5:28 | Crear | Villager (Male) |
| 5:57 | Construir | House |
| 6:22 | Crear | Villager (Male) |
| 6:33 | Construir | Mill |
| 6:34 | Crear | Villager (Male) |
| 6:50 | Crear | Villager (Male) |
| 7:05 | Crear | Villager (Male) |
| 7:06 | Crear | Villager (Male) |
| 7:52 | Construir | House |
| 8:28 | Crear | Villager (Male) |
| 8:28 | Crear | Villager (Male) |
| 8:32 | Construir | House |
| 9:11 | Crear | Villager (Male) |
| 9:29 | Construir | House |
| 9:32 | Construir | Mining Camp |
| 9:51 | Crear | Villager (Male) |
| 10:12 | Construir | House |
| 10:16 | Investigar | Feudal Age |
| 10:20 | Construir | Mining Camp |
| 10:52 | Construir | Lumber Camp |
| 12:26 | Edad | Edad Feudal |
| 12:32 | Crear | Villager (Male) |
| 12:32 | Crear | Villager (Male) |
| 12:33 | Crear | Villager (Male) |
| 12:37 | Construir | Stone Wall |
| 12:51 | Construir | Lumber Camp |
| 12:53 | Crear | Villager (Male) |
| 12:53 | Crear | Villager (Male) |
| 13:12 | Construir | Gate |
| 13:20 | Construir | Barracks |
| 13:36 | Crear | Villager (Male) |
| 14:03 | Construir | Farm |
| 14:06 | Crear | Spearman |
| 14:15 | Construir | Mill |
| 14:20 | Construir | Farm |
| 14:26 | Crear | Spearman |
| 14:56 | Construir | Farm |
| 15:05 | Crear | Villager (Male) |
| 15:31 | Crear | Villager (Male) |
| 15:33 | Construir | Farm |
| 15:41 | Construir | Market |
| 15:44 | Construir | Blacksmith |
| 16:04 | Construir | Farm |
| 16:12 | Crear | Villager (Male) |
| 16:28 | Construir | Archery Range |
| 16:29 | Construir | Archery Range |
| 16:40 | Construir | Farm |
| 17:04 | Investigar | Castle Age |
| 17:05 | Investigar | Castle Age |
| 17:31 | Crear | Skirmisher |
| 17:34 | Crear | Skirmisher |
| 17:48 | Construir | Farm |
| 17:49 | Construir | Farm |
| 18:07 | Crear | Skirmisher |
| 18:08 | Crear | Skirmisher |
| 18:13 | Investigar | Double-Bit Axe |
| 18:14 | Investigar | Horse Collar |
| 18:15 | Investigar | Horse Collar |
| 18:46 | Crear | Skirmisher |
| 18:47 | Crear | Skirmisher |
| 18:57 | Investigar | Gold Mining |
| 18:58 | Investigar | Stone Mining |
| 19:06 | Crear | Villager (Male) |
| 19:18 | Investigar | Fletching |
| 19:18 | Investigar | Fletching |
| 19:39 | Crear | Skirmisher |
| 19:41 | Crear | Skirmisher |
| 19:44 | Edad | Edad de los Castillos |
| 19:48 | Construir | House |
| 19:49 | Construir | House |
| 19:50 | Construir | House |
| 20:01 | Construir | Siege Workshop |
| 20:13 | Crear | Villager (Male) |
| 20:13 | Crear | Villager (Male) |
| 20:25 | Investigar | Elite Skirmisher (upgrade) |
| 20:26 | Investigar | Elite Skirmisher (upgrade) |
| 20:36 | Investigar | Padded Archer Armor |
| 20:36 | Investigar | Padded Archer Armor |
| 20:43 | Crear | Spearman |
| 20:43 | Crear | Spearman |
| 21:01 | Construir | House |
| 21:02 | Construir | House |
| 21:05 | Construir | Mining Camp |
| 21:07 | Crear | Battering Ram |
| 21:27 | Crear | Battering Ram |
| 21:27 | Crear | Battering Ram |
| 21:35 | Crear | Skirmisher |
| 21:35 | Crear | Skirmisher |
| 21:38 | Investigar | Squires |
| 21:40 | Crear | Villager (Male) |
| 21:41 | Crear | Villager (Male) |
| 21:41 | Crear | Villager (Male) |
| 21:58 | Construir | House |
| 21:59 | Construir | House |
| 22:34 | Investigar | Bodkin Arrow |
| 22:37 | Crear | Spearman |
| 22:37 | Crear | Spearman |
| 22:50 | Crear | Skirmisher |
| 22:50 | Crear | Skirmisher |
| 23:05 | Construir | Farm |
| 23:06 | Construir | Farm |
| 23:06 | Crear | Villager (Male) |
| 23:07 | Crear | Villager (Male) |
| 23:38 | Construir | Castle |
| 23:58 | Investigar | Pikeman (upgrade) |
| 23:59 | Crear | Spearman |
| 23:59 | Crear | Spearman |
| 23:59 | Crear | Spearman |
| 24:01 | Crear | Skirmisher |
| 24:11 | Crear | Villager (Male) |
| 24:11 | Crear | Villager (Male) |
| 24:22 | Construir | Farm |
| 24:22 | Construir | Farm |
| 24:22 | Construir | Farm |
| 24:22 | Construir | Farm |
| 24:23 | Construir | Farm |
| 24:23 | Construir | Farm |
| 24:36 | Crear | Skirmisher |
| 25:22 | Crear | Villager (Male) |
| 25:22 | Crear | Villager (Male) |
| 25:34 | Investigar | Leather Archer Armor |
| 25:34 | Investigar | Leather Archer Armor |
| 25:48 | Crear | Villager (Male) |
| 25:49 | Crear | Villager (Male) |
| 25:55 | Investigar | Arson |
| 25:56 | Investigar | Arson |
| 26:07 | Crear | Samurai ×3 |
| 26:07 | Crear | Samurai ×3 |
Build order — Trupex
Primeras 150 de 428 acciones detectadas
| 0:00 | Crear | Villager (Male) ×4 |
| 0:03 | Construir | House |
| 0:04 | Construir | House |
| 1:22 | Crear | Villager (Male) |
| 1:44 | Construir | Lumber Camp |
| 1:53 | Crear | Villager (Male) |
| 2:16 | Crear | Villager (Male) |
| 2:47 | Crear | Villager (Male) |
| 3:00 | Construir | House |
| 3:08 | Crear | Villager (Male) |
| 3:35 | Crear | Villager (Male) |
| 3:56 | Crear | Villager (Male) |
| 4:23 | Crear | Villager (Male) |
| 5:11 | Construir | Mill |
| 5:14 | Crear | Villager (Male) |
| 5:32 | Crear | Villager (Male) |
| 5:32 | Crear | Villager (Male) |
| 5:32 | Crear | Villager (Male) |
| 5:53 | Construir | House |
| 5:55 | Construir | House |
| 6:34 | Crear | Villager (Male) |
| 6:54 | Crear | Villager (Male) |
| 7:08 | Crear | Villager (Male) |
| 7:10 | Investigar | Loom |
| 7:14 | Crear | Villager (Male) |
| 7:14 | Crear | Villager (Male) |
| 8:43 | Investigar | Feudal Age |
| 8:48 | Construir | Barracks |
| 9:02 | Construir | Mining Camp |
| 9:20 | Crear | Villager (Male) |
| 9:22 | Crear | Villager (Male) |
| 9:22 | Crear | Villager (Male) |
| 9:34 | Construir | House |
| 9:51 | Crear | Militia |
| 9:52 | Crear | Militia |
| 10:00 | Crear | Militia |
| 10:17 | Crear | Militia |
| 10:22 | Construir | House |
| 10:25 | Construir | Palisade Gate |
| 10:34 | Crear | Militia |
| 10:53 | Edad | Edad Feudal |
| 10:56 | Construir | Blacksmith |
| 11:00 | Construir | House |
| 11:15 | Crear | Militia |
| 11:35 | Investigar | Double-Bit Axe |
| 11:36 | Investigar | Horse Collar |
| 11:54 | Investigar | Forging |
| 12:23 | Investigar | Arson |
| 12:31 | Investigar | Scale Mail Armor |
| 12:47 | Crear | Villager (Male) |
| 12:50 | Construir | Farm |
| 13:06 | Crear | Militia |
| 13:06 | Crear | Militia |
| 13:28 | Crear | Villager (Male) |
| 14:47 | Crear | Villager (Male) |
| 14:48 | Crear | Villager (Male) |
| 14:49 | Construir | Farm |
| 14:50 | Crear | Villager (Male) |
| 14:50 | Crear | Villager (Male) |
| 14:52 | Crear | Militia |
| 14:53 | Crear | Militia |
| 15:16 | Construir | Farm |
| 15:25 | Construir | Farm |
| 15:30 | Crear | Militia |
| 15:53 | Construir | Farm |
| 16:04 | Construir | Farm |
| 16:20 | Construir | Farm |
| 16:21 | Construir | Farm |
| 16:23 | Construir | Farm |
| 16:24 | Construir | Farm |
| 16:27 | Construir | Farm |
| 16:30 | Construir | Farm |
| 16:32 | Construir | Farm |
| 17:19 | Crear | Villager (Male) |
| 17:20 | Construir | Farm |
| 17:23 | Construir | Farm |
| 17:29 | Construir | Lumber Camp |
| 17:32 | Crear | Villager (Male) |
| 18:04 | Construir | Farm |
| 18:07 | Crear | Villager (Male) |
| 18:11 | Construir | Farm |
| 18:16 | Construir | House |
| 18:23 | Construir | House |
| 19:15 | Construir | Farm |
| 19:17 | Crear | Villager (Male) |
| 19:17 | Crear | Villager (Male) |
| 19:58 | Construir | Farm |
| 20:04 | Crear | Villager (Male) |
| 20:04 | Crear | Villager (Male) |
| 20:15 | Investigar | Wheelbarrow |
| 20:24 | Construir | Farm |
| 20:35 | Construir | Stable |
| 20:38 | Construir | Stable |
| 20:41 | Investigar | Scale Barding Armor |
| 21:14 | Construir | Market |
| 21:22 | Investigar | Castle Age |
| 21:24 | Investigar | Bloodlines |
| 23:01 | Investigar | Gold Mining |
| 24:37 | Edad | Edad de los Castillos |
| 24:40 | Construir | Town Center |
| 24:42 | Investigar | Bow Saw |
| 24:44 | Investigar | Heavy Plow |
| 24:49 | Construir | Town Center |
| 24:55 | Construir | Town Center |
| 25:02 | Investigar | Hand Cart |
| 25:05 | Investigar | Husbandry |
| 25:08 | Investigar | Chain Barding Armor |
| 25:08 | Investigar | Iron Casting |
| 25:09 | Crear | Knight |
| 25:09 | Crear | Knight |
| 25:10 | Crear | Knight |
| 25:22 | Construir | Palisade Wall |
| 25:24 | Construir | Palisade Wall |
| 25:29 | Crear | Knight |
| 25:29 | Crear | Knight |
| 25:30 | Crear | Knight |
| 25:32 | Crear | Knight |
| 25:32 | Crear | Knight |
| 26:02 | Crear | Villager (Male) |
| 26:02 | Crear | Villager (Male) |
| 26:10 | Construir | Farm |
| 26:37 | Crear | Knight |
| 26:38 | Crear | Knight |
| 27:07 | Crear | Knight |
| 27:07 | Crear | Knight |
| 27:08 | Crear | Knight |
| 27:09 | Crear | Villager (Male) |
| 27:09 | Crear | Villager (Male) |
| 27:10 | Crear | Villager (Male) |
| 27:12 | Crear | Villager (Male) |
| 27:13 | Crear | Villager (Male) |
| 27:13 | Crear | Villager (Male) |
| 27:16 | Construir | Farm |
| 27:20 | Construir | Farm |
| 27:22 | Construir | Farm |
| 27:25 | Construir | Farm |
| 27:58 | Construir | Farm |
| 27:59 | Crear | Villager (Male) |
| 28:00 | Crear | Villager (Male) |
| 28:01 | Crear | Villager (Male) |
| 28:01 | Investigar | Stone Mining |
| 28:05 | Crear | Villager (Male) |
| 28:05 | Crear | Villager (Male) |
| 28:08 | Crear | Villager (Male) |
| 28:09 | Construir | Farm |
| 28:13 | Crear | Villager (Male) |
| 28:15 | Crear | Knight |
| 28:15 | Crear | Knight |
| 28:18 | Crear | Knight |
| 28:19 | Crear | Knight |
Build order — 连输九天
Primeras 150 de 334 acciones detectadas
| 0:02 | Crear | Villager (Male) |
| 0:02 | Crear | Villager (Male) |
| 0:02 | Crear | Villager (Male) |
| 0:03 | Construir | House |
| 0:05 | Construir | House |
| 0:06 | Crear | Villager (Male) |
| 0:06 | Crear | Villager (Male) |
| 0:06 | Crear | Villager (Male) |
| 1:35 | Crear | Villager (Male) |
| 1:35 | Crear | Villager (Male) |
| 1:56 | Construir | Lumber Camp |
| 2:02 | Crear | Villager (Male) |
| 2:02 | Crear | Villager (Male) |
| 2:18 | Crear | Villager (Male) |
| 2:18 | Crear | Villager (Male) |
| 2:18 | Crear | Villager (Male) |
| 2:52 | Crear | Villager (Male) |
| 2:52 | Crear | Villager (Male) |
| 3:01 | Crear | Villager (Male) |
| 3:01 | Crear | Villager (Male) |
| 3:41 | Crear | Villager (Male) |
| 3:41 | Crear | Villager (Male) |
| 3:41 | Crear | Villager (Male) |
| 3:51 | Crear | Villager (Male) |
| 3:51 | Crear | Villager (Male) |
| 4:05 | Construir | House |
| 4:36 | Construir | House |
| 4:52 | Crear | Villager (Male) |
| 4:53 | Crear | Villager (Male) |
| 4:53 | Crear | Villager (Male) |
| 5:04 | Construir | Palisade Gate |
| 5:09 | Construir | Palisade Wall |
| 5:37 | Crear | Villager (Male) |
| 6:29 | Construir | Mill |
| 6:44 | Crear | Villager (Male) |
| 6:44 | Crear | Villager (Male) |
| 7:06 | Crear | Villager (Male) |
| 7:34 | Crear | Villager (Male) |
| 7:39 | Construir | Mining Camp |
| 8:10 | Investigar | Feudal Age |
| 8:41 | Crear | Villager (Male) |
| 8:42 | Crear | Villager (Male) |
| 9:33 | Construir | Barracks |
| 10:27 | Crear | Villager (Male) |
| 10:34 | Edad | Edad Feudal |
| 10:45 | Construir | Blacksmith |
| 10:49 | Crear | Villager (Male) |
| 10:54 | Construir | House |
| 11:31 | Crear | Villager (Male) |
| 11:38 | Construir | Archery Range |
| 11:45 | Crear | Villager (Male) |
| 12:59 | Construir | Archery Range |
| 13:21 | Investigar | Castle Age |
| 13:33 | Construir | House |
| 14:04 | Construir | Farm |
| 14:05 | Construir | Farm |
| 14:06 | Construir | Farm |
| 14:20 | Investigar | Double-Bit Axe |
| 15:46 | Investigar | Fletching |
| 15:49 | Crear | Villager (Male) |
| 15:50 | Crear | Villager (Male) |
| 15:53 | Crear | Villager (Male) |
| 16:01 | Edad | Edad de los Castillos |
| 16:03 | Crear | Cavalry Archer ×3 |
| 16:12 | Construir | Town Center |
| 16:19 | Crear | Villager (Male) |
| 16:30 | Crear | Cavalry Archer |
| 16:42 | Construir | Farm |
| 16:55 | Construir | Farm |
| 17:05 | Construir | House |
| 17:06 | Construir | House |
| 17:14 | Crear | Villager (Male) |
| 17:19 | Construir | Farm |
| 17:21 | Construir | Farm |
| 17:24 | Construir | Farm |
| 17:29 | Crear | Villager (Male) |
| 17:34 | Construir | Farm |
| 17:36 | Construir | Farm |
| 17:41 | Construir | Farm |
| 17:51 | Construir | Farm |
| 17:52 | Construir | Farm |
| 17:56 | Construir | Farm |
| 18:01 | Crear | Cavalry Archer |
| 18:01 | Crear | Cavalry Archer |
| 18:22 | Construir | Farm |
| 18:30 | Construir | House |
| 18:41 | Crear | Villager (Male) |
| 18:41 | Crear | Villager (Male) |
| 19:10 | Crear | Villager (Male) |
| 19:10 | Crear | Villager (Male) |
| 19:11 | Crear | Villager (Male) |
| 19:14 | Construir | Farm |
| 20:00 | Crear | Villager (Male) |
| 20:02 | Construir | Farm |
| 20:07 | Construir | Town Center |
| 20:10 | Crear | Villager (Male) |
| 20:10 | Crear | Villager (Male) |
| 20:14 | Construir | House |
| 20:15 | Construir | House |
| 20:17 | Crear | Cavalry Archer |
| 20:17 | Crear | Cavalry Archer |
| 20:17 | Crear | Cavalry Archer |
| 20:29 | Crear | Cavalry Archer |
| 20:29 | Crear | Cavalry Archer |
| 20:29 | Crear | Cavalry Archer |
| 20:40 | Crear | Villager (Male) |
| 20:40 | Crear | Villager (Male) |
| 20:41 | Crear | Villager (Male) |
| 20:42 | Crear | Villager (Male) |
| 20:42 | Crear | Villager (Male) |
| 21:20 | Crear | Villager (Male) |
| 21:20 | Crear | Villager (Male) |
| 21:24 | Crear | Villager (Male) |
| 21:25 | Crear | Villager (Male) |
| 22:03 | Crear | Villager (Male) |
| 22:08 | Investigar | Loom |
| 22:10 | Construir | Farm |
| 22:11 | Construir | Farm |
| 22:14 | Crear | Villager (Male) |
| 22:14 | Crear | Villager (Male) |
| 22:15 | Crear | Villager (Male) |
| 22:16 | Crear | Villager (Male) |
| 23:19 | Crear | Cavalry Archer |
| 23:19 | Crear | Cavalry Archer |
| 23:19 | Crear | Cavalry Archer |
| 23:19 | Crear | Cavalry Archer |
| 23:24 | Construir | House |
| 23:25 | Construir | House |
| 23:26 | Construir | House |
| 23:27 | Construir | House |
| 23:30 | Crear | Villager (Male) |
| 23:30 | Crear | Villager (Male) |
| 23:32 | Crear | Villager (Male) |
| 23:35 | Crear | Villager (Male) |
| 23:35 | Crear | Villager (Male) |
| 23:37 | Construir | Farm |
| 23:37 | Construir | Farm |
| 23:37 | Construir | Farm |
| 23:38 | Construir | Farm |
| 23:40 | Crear | Villager (Male) |
| 23:45 | Crear | Villager (Male) |
| 23:47 | Crear | Villager (Male) |
| 24:01 | Construir | University |
| 24:34 | Crear | Cavalry Archer |
| 24:35 | Crear | Cavalry Archer |
| 24:35 | Crear | Cavalry Archer |
| 24:42 | Construir | Farm |
| 24:46 | Construir | Farm |
| 24:51 | Crear | Villager (Male) |
| 25:07 | Crear | Cavalry Archer |
Build order — Dead King Always King
Primeras 150 de 287 acciones detectadas
| 0:01 | Crear | Villager (Male) |
| 0:02 | Crear | Villager (Male) |
| 0:02 | Crear | Villager (Male) |
| 0:03 | Construir | House |
| 0:21 | Crear | Villager (Male) |
| 0:23 | Investigar | Loom |
| 0:28 | Construir | House |
| 0:53 | Construir | Lumber Camp |
| 1:11 | Construir | Palisade Wall |
| 1:42 | Crear | Villager (Male) |
| 2:19 | Construir | Palisade Gate |
| 2:28 | Crear | Villager (Male) |
| 2:49 | Crear | Villager (Male) |
| 3:36 | Crear | Villager (Male) |
| 4:19 | Crear | Villager (Male) |
| 4:45 | Crear | Villager (Male) |
| 4:45 | Crear | Villager (Male) |
| 4:46 | Crear | Villager (Male) |
| 4:49 | Construir | House |
| 4:50 | Construir | House |
| 5:45 | Crear | Villager (Male) |
| 5:45 | Crear | Villager (Male) |
| 6:33 | Construir | Barracks |
| 6:37 | Crear | Villager (Male) |
| 7:20 | Crear | Villager (Male) |
| 7:34 | Construir | House |
| 7:41 | Crear | Villager (Male) |
| 8:12 | Construir | Mill |
| 8:17 | Crear | Villager (Male) |
| 8:45 | Investigar | Feudal Age |
| 9:13 | Construir | Mining Camp |
| 10:18 | Crear | Villager (Male) |
| 10:18 | Crear | Villager (Male) |
| 10:39 | Construir | Mining Camp |
| 10:52 | Crear | Villager (Male) |
| 10:53 | Crear | Villager (Male) |
| 10:55 | Edad | Edad Feudal |
| 11:03 | Construir | Archery Range |
| 11:28 | Crear | Villager (Male) |
| 11:31 | Investigar | Double-Bit Axe |
| 11:48 | Crear | Archer |
| 12:23 | Crear | Archer |
| 12:29 | Construir | House |
| 13:01 | Crear | Archer |
| 13:07 | Construir | Blacksmith |
| 13:08 | Crear | Archer |
| 13:34 | Construir | Farm |
| 13:36 | Construir | Farm |
| 13:45 | Construir | Mill |
| 13:46 | Crear | Villager (Male) |
| 13:47 | Crear | Villager (Male) |
| 13:57 | Construir | Farm |
| 14:12 | Construir | House |
| 14:22 | Crear | Archer |
| 14:28 | Construir | House |
| 14:59 | Crear | Archer |
| 15:02 | Crear | Villager (Male) |
| 15:02 | Crear | Villager (Male) |
| 15:08 | Construir | House |
| 15:14 | Construir | House |
| 15:22 | Investigar | Fletching |
| 15:22 | Investigar | Padded Archer Armor |
| 15:24 | Crear | Villager (Male) |
| 15:24 | Crear | Villager (Male) |
| 15:48 | Crear | Archer |
| 16:16 | Construir | Stone Wall |
| 16:52 | Crear | Villager (Male) |
| 16:53 | Crear | Villager (Male) |
| 17:29 | Construir | Archery Range |
| 17:34 | Construir | Farm |
| 17:35 | Crear | Villager (Male) |
| 17:35 | Crear | Villager (Male) |
| 17:55 | Construir | Farm |
| 18:10 | Construir | Farm |
| 18:23 | Crear | Archer |
| 18:23 | Crear | Archer |
| 18:37 | Construir | Farm |
| 18:37 | Crear | Villager (Male) |
| 18:38 | Crear | Villager (Male) |
| 18:47 | Crear | Archer |
| 18:47 | Crear | Archer |
| 19:17 | Crear | Skirmisher |
| 19:45 | Investigar | Castle Age |
| 19:47 | Construir | Farm |
| 19:48 | Construir | Farm |
| 20:07 | Crear | Archer |
| 20:07 | Crear | Archer |
| 20:29 | Crear | Archer |
| 20:29 | Crear | Archer |
| 20:39 | Construir | Barracks |
| 20:53 | Construir | Gate |
| 21:00 | Construir | Stone Wall |
| 21:12 | Investigar | Horse Collar |
| 21:55 | Crear | Archer |
| 21:57 | Crear | Archer |
| 22:07 | Crear | Villager (Male) |
| 22:07 | Crear | Villager (Male) |
| 22:25 | Edad | Edad de los Castillos |
| 22:31 | Construir | Town Center |
| 22:33 | Crear | Villager (Male) |
| 22:33 | Crear | Villager (Male) |
| 22:34 | Crear | Villager (Male) |
| 22:34 | Crear | Villager (Male) |
| 22:38 | Construir | Town Center |
| 22:42 | Investigar | Crossbowman (upgrade) |
| 22:43 | Investigar | Thumb Ring |
| 23:13 | Investigar | Scale Mail Armor |
| 23:22 | Construir | Farm |
| 23:23 | Construir | Farm |
| 24:09 | Construir | Stable |
| 24:34 | Crear | Skirmisher |
| 24:35 | Crear | Skirmisher |
| 24:35 | Crear | Skirmisher |
| 24:35 | Crear | Skirmisher |
| 24:55 | Crear | Archer |
| 24:55 | Crear | Archer |
| 24:58 | Crear | Villager (Male) |
| 24:58 | Crear | Villager (Male) |
| 24:59 | Crear | Villager (Male) |
| 25:01 | Crear | Villager (Male) |
| 25:02 | Crear | Villager (Male) |
| 25:09 | Crear | Villager (Male) |
| 25:10 | Crear | Villager (Male) |
| 25:12 | Crear | Villager (Male) |
| 25:12 | Crear | Villager (Male) |
| 25:13 | Crear | Villager (Male) |
| 25:28 | Investigar | Town Watch |
| 25:40 | Construir | Watch Tower |
| 26:05 | Crear | Skirmisher |
| 26:33 | Construir | Farm |
| 27:36 | Crear | Archer |
| 27:36 | Crear | Archer |
| 27:36 | Crear | Archer |
| 27:36 | Crear | Archer |
| 28:06 | Construir | Town Center |
| 29:36 | Construir | Farm |
| 30:04 | Construir | Mining Camp |
| 31:06 | Crear | Villager (Male) |
| 31:07 | Crear | Villager (Male) |
| 31:07 | Crear | Villager (Male) |
| 31:07 | Crear | Villager (Male) |
| 31:55 | Construir | Farm |
| 31:56 | Construir | Farm |
| 31:57 | Construir | Farm |
| 31:59 | Construir | Farm |
| 32:00 | Construir | Farm |
| 32:47 | Construir | Farm |
| 32:48 | Construir | Farm |
| 32:54 | Construir | Mill |
| 33:40 | Construir | Archery Range |
Build order — ybsngs
62 acciones detectadas en el replay
| 0:01 | Crear | Villager (Male) |
| 0:01 | Crear | Villager (Male) |
| 0:01 | Crear | Villager (Male) |
| 0:03 | Construir | House |
| 0:04 | Construir | House |
| 0:08 | Crear | Villager (Male) |
| 0:09 | Crear | Villager (Male) |
| 0:52 | Construir | House |
| 0:54 | Construir | Lumber Camp |
| 1:28 | Crear | Villager (Male) |
| 1:28 | Crear | Villager (Male) |
| 2:02 | Crear | Villager (Male) |
| 2:03 | Crear | Villager (Male) |
| 2:19 | Crear | Villager (Male) |
| 2:39 | Crear | Villager (Male) |
| 2:39 | Crear | Villager (Male) |
| 2:39 | Crear | Villager (Male) |
| 2:41 | Construir | House |
| 3:15 | Crear | Villager (Male) |
| 3:15 | Crear | Villager (Male) |
| 3:35 | Crear | Villager (Male) |
| 3:35 | Crear | Villager (Male) |
| 3:45 | Crear | Villager (Male) |
| 3:46 | Crear | Villager (Male) |
| 4:44 | Crear | Villager (Male) |
| 4:44 | Crear | Villager (Male) |
| 4:44 | Crear | Villager (Male) |
| 4:55 | Crear | Villager (Male) |
| 4:55 | Crear | Villager (Male) |
| 4:55 | Crear | Villager (Male) |
| 4:56 | Crear | Villager (Male) |
| 5:31 | Crear | Villager (Male) |
| 5:31 | Crear | Villager (Male) |
| 5:32 | Crear | Villager (Male) |
| 5:36 | Crear | Villager (Male) |
| 7:01 | Construir | Mill |
| 7:02 | Crear | Villager (Male) |
| 7:13 | Construir | Barracks |
| 7:25 | Construir | House |
| 7:38 | Crear | Villager (Male) |
| 8:23 | Investigar | Feudal Age |
| 8:34 | Construir | Mining Camp |
| 8:54 | Construir | Palisade Wall |
| 8:58 | Construir | Palisade Gate |
| 9:02 | Crear | Villager (Male) |
| 9:18 | Construir | Farm |
| 9:25 | Crear | Villager (Male) |
| 10:33 | Edad | Edad Feudal |
| 10:37 | Construir | Market |
| 10:42 | Construir | House |
| 10:56 | Construir | Farm |
| 11:00 | Construir | Farm |
| 11:05 | Construir | Farm |
| 11:20 | Crear | Villager (Male) |
| 11:31 | Crear | Villager (Male) |
| 11:43 | Construir | Blacksmith |
| 12:07 | Crear | Spearman |
| 12:32 | Investigar | Castle Age |
| 12:50 | Construir | Watch Tower |
| 12:54 | Construir | House |
| 13:02 | Construir | Stone Wall |
| 14:21 | Construir | House |
Cronología de la partida
| 1:11 | Dead King Always King · wall_segment Palisade Wall x13 |
| 4:52 | el mangonel · wall_segment Palisade Wall x15 |
| 5:09 | 连输九天 · wall_segment Palisade Wall x7 |
| 5:14 | 大运昌龙 · wall_segment Palisade Wall x15 |
| 6:33 | Dead King Always King · first_building Barracks |
| 7:13 | ybsngs · first_building Barracks |
| 8:48 | Trupex · first_building Barracks |
| 8:54 | ybsngs · wall_segment Palisade Wall x1 |
| 9:33 | 连输九天 · first_building Barracks |
| 9:36 | dontstay02 · first_building Barracks |
| 10:00 | 大运昌龙 · first_building Barracks |
| 10:33 | ybsngs · age_up feudal |
| 10:34 | 连输九天 · age_up feudal |
| 10:53 | Trupex · age_up feudal |
| 10:55 | Dead King Always King · age_up feudal |
| 11:03 | Dead King Always King · first_building Archery Range |
| 11:38 | 连输九天 · first_building Archery Range |
| 12:08 | 大运昌龙 · age_up feudal |
| 12:24 | dontstay02 · age_up feudal |
| 12:26 | el mangonel · age_up feudal |
| 12:31 | Barka · age_up feudal |
| 12:37 | el mangonel · wall_segment Stone Wall x16 |
| 12:39 | dontstay02 · first_building Stable |
| 13:02 | ybsngs · wall_segment Stone Wall x1 |
| 13:20 | el mangonel · first_building Barracks |
| 13:50 | 大运昌龙 · wall_segment Palisade Wall x6 |
| 14:44 | ybsngs · resign |
| 15:11 | Barka · age_up castle |
| 15:27 | 大运昌龙 · first_building Stable |
| 16:01 | 连输九天 · age_up castle |
| 16:16 | Dead King Always King · wall_segment Stone Wall x12 |
| 16:28 | el mangonel · first_building Archery Range |
| 16:28 | dontstay02 · age_up castle |
| 17:43 | 大运昌龙 · age_up castle |
| 18:14 | 大运昌龙 · first_building Castle |
| 19:16 | el mangonel · first_market_buy 100 food |
| 19:44 | el mangonel · age_up castle |
| 20:01 | el mangonel · first_building Siege Workshop |
| 20:35 | Trupex · first_building Stable |
| 20:53 | Barka · first_building Castle |
| 21:00 | Dead King Always King · wall_segment Stone Wall x2 |
| 22:25 | Dead King Always King · age_up castle |
| 23:38 | el mangonel · first_building Castle |
| 24:09 | Dead King Always King · first_building Stable |
| 24:11 | Trupex · first_market_sell 100 food |
| 24:37 | Trupex · age_up castle |
| 25:22 | Trupex · wall_segment Palisade Wall x1 |
| 25:24 | Trupex · wall_segment Palisade Wall x1 |
| 28:47 | dontstay02 · first_building Castle |
| 28:54 | 连输九天 · first_building Monastery |
| 30:06 | Barka · first_building Stable |
| 31:00 | 连输九天 · first_building Castle |
| 32:25 | Barka · age_up imperial |
| 32:51 | 连输九天 · first_building Stable |
| 32:54 | 大运昌龙 · first_building Monastery |
| 33:00 | 连输九天 · age_up imperial |
| 34:40 | Trupex · first_building Monastery |
| 34:56 | Trupex · first_building Castle |
| 35:57 | dontstay02 · age_up imperial |
| 36:08 | 大运昌龙 · age_up imperial |
| 36:39 | 大运昌龙 · wall_segment Stone Wall x7 |
| 38:19 | Trupex · age_up imperial |
| 40:52 | 连输九天 · first_market_sell 500 food |
| 40:56 | Trupex · first_building Krepost |
| 41:48 | Trupex · first_building Siege Workshop |
| 41:57 | el mangonel · wall_segment Palisade Wall x4 |
| 41:58 | el mangonel · wall_segment Palisade Wall x4 |
| 41:59 | el mangonel · wall_segment Palisade Wall x6 |
| 42:00 | el mangonel · wall_segment Palisade Wall x5 |
| 43:10 | dontstay02 · first_building Archery Range |
| 44:14 | 连输九天 · tribute_sent a jugador 1 |
| 44:14 | 连输九天 · tribute_sent a jugador 2 |
| 44:14 | 连输九天 · tribute_sent a jugador 3 |
| 44:14 | 连输九天 · tribute_sent a jugador 4 |
| 44:14 | 连输九天 · tribute_sent a jugador 6 |
| 44:14 | 连输九天 · tribute_sent a jugador 7 |
| 44:14 | 连输九天 · tribute_sent a jugador 8 |
| 44:30 | 连输九天 · tribute_sent a jugador 1 |
| 44:30 | 连输九天 · tribute_sent a jugador 2 |
| 44:30 | 连输九天 · tribute_sent a jugador 3 |
| 44:30 | 连输九天 · tribute_sent a jugador 4 |
| 44:30 | 连输九天 · tribute_sent a jugador 6 |
| 44:30 | 连输九天 · tribute_sent a jugador 7 |
| 44:30 | 连输九天 · tribute_sent a jugador 8 |
| 45:35 | el mangonel · age_up imperial |
| 46:21 | Dead King Always King · first_building Castle |
[ ANÁLISIS IA · 1 CRÉDITO ]
¿Qué pasó realmente en esta partida?
Wolo.gg analiza cada decisión: build order, eco, micro, errores típicos por bracket. Análisis personalizado por WhatsApp o Discord en 30 segundos.
Guía civ
Kitán
Perfil
Jugador #403012